 Dungeon Crawl Stone Soup version 0.30-a0-1018-g25214051b3 (webtiles) character file.

Game seed: 15345934886546871529

11 holysushi the Trooper (level 2, -1/21 (24) HPs)
             Began as a Barachi Monk on Apr 7, 2023.
             Slain by a kobold
             ... wielding a +3 short sword of draining
              (6 damage)
             ... on level 1 of the Dungeon.
             The game lasted 00:00:22 (333 turns).

holysushi the Trooper (Barachi Monk)                 Turns: 333, Time: 00:00:23

HP:   -1/21 (24)    AC:  2    Str: 12    XL:     2   Next: 25%
MP:   2/2           EV: 13    Int: 10    God:
Gold: 31            SH:  0    Dex: 14    Spells: 1/1 levels left

rFire   . . .      SeeInvis .    a - +0 spear
rCold   . . .      Faith    .    (no shield)
rNeg    . . .      Spirit   .    b - +0 robe
rPois   .          Reflect  .    (no helmet)
rElec   .          Rampage  .    (no cloak)
rCorr   .                        (no gloves)
Will    .....                    (no boots)
Stlth   ++                       (no amulet)
HPRegen 0.23/turn                (no ring)
MPRegen 0.08/turn                (no ring)

@: heavily drained, slow
A: amphibious, slowness 1, strong legs 1, +LOS
a: Hop


You were on level 1 of the Dungeon.
You visited 1 branch of the dungeon, and saw 1 of its levels.

You collected 31 gold pieces.

Inventory:

Hand Weapons
 a - a +0 spear (weapon)
Armour
 b - a +0 robe (worn)
Scrolls
 d - a scroll of noise {unknown}
 e - 2 scrolls of vulnerability {unknown}
Potions
 c - 3 potions of ambrosia


   Skills:
 - Level 3.6 Fighting
 + Level 3.6 Polearms
 - Level 3.2 Dodging
 - Level 1.7 Stealth


You had one spell level left.
You didn't know any spells.
Your spell library was empty.

Dungeon Overview and Level Annotations

Branches:
Dungeon (1/15) Zot: 5632

Altars:


Innate Abilities, Weirdness & Mutations

You are amphibious.
You cover ground slowly.
You can hop short distances.
You have an extended range of vision and can be seen from far away.


Message History

A quokka is nearby!
A quokka is nearby!
A kobold comes into view.
It is wielding a +3 short sword of draining.
You closely miss the quokka. The quokka misses you.
You barely miss the quokka.
The kobold shouts!
The quokka barely misses you.
The kobold throws a stone.
The stone closely misses you. The quokka completely misses you.
You hit the quokka.
The quokka is severely wounded.
The quokka barely misses you.
You hit the quokka.
You kill the quokka!
The kobold throws a stone.
The stone barely misses you.
You barely miss the kobold.
The kobold hits you with a +3 short sword of draining!
You feel drained.
You hit the kobold.
The kobold is moderately wounded.
You closely miss the kobold.
The kobold is moderately wounded.
The kobold hits you with a +3 short sword of draining.
You feel drained.
You are too injured to fight recklessly!
You are too injured to fight recklessly!
You hit the kobold.
The kobold is severely wounded.
The kobold closely misses you.
You hit the kobold but do no damage.
The kobold is severely wounded.
The kobold hits you with a +3 short sword of draining.
* * * LOW HITPOINT WARNING * * *
You feel drained.
You barely miss the kobold.
The kobold is severely wounded.
The kobold barely misses you.
You barely miss the kobold.
The kobold is severely wounded.
The kobold hits you with a +3 short sword of draining.
You die...

............#[#.#
...#####.#.##.#.#
##.........##.#.##
#.###.###.##....##
[# #+ #.)......##
#......###......##
#...... #.......#
#...... #.....#..#
###+###
#...@.##...[
#..K..# ..###
#.....#### ...
+...... ##.. ####
#.....# #.# ...#
#..... .# ...####
#... . ......#
#... #####.# #..


You could see a kobold.

Vanquished Creatures
  2 endoplasms (D:1)
  A goblin (D:1)
  A quokka (D:1)
  A ball python (D:1)
  A frilled lizard (D:1)
  3 kobolds (D:1)
  A rat (D:1)
10 creatures vanquished.

Notes
Turn   | Place    | Note
-------+----------+-------------------------------------------
     0 | D:1      | holysushi the Barachi Monk began the quest for the Orb.
     0 | D:1      | Reached XP level 1. HP: 18/18 MP: 1/1
   270 | D:1      | Reached XP level 2. HP: 24/24 MP: 2/2
   333 | D:1      | Slain by a kobold

Illustrated notes

Levels and vault maps discovered:
D:1:      heliophobic_arrival_ceremonial_halls, layout_basic

Action                     || total
---------------------------++-------
  Melee: Spear             ||    38
   Stab: Sleeping          ||     1
 Armour: Robe              ||     3
  Dodge: Dodged            ||    17

Table legend: (Time is in decaauts)
 A = Elapsed time spent in this place.
 B = Non-inter-level travel time spent in this place.
 C = Inter-level travel time spent in this place.
 D = Time resting spent in this place.
 E = Time spent auto-exploring this place.
 F = Levels seen in this place.
 G = Mean time per level.
                   A        B        C        D        E       F      G
               +--------+--------+--------+--------+--------+-----+--------+
         Total |    366 |    366 |      0 |     76 |    210 |   1 |  366.0 |
       Dungeon |    366 |    366 |      0 |     76 |    210 |   1 |  366.0 |
               +--------+--------+--------+--------+--------+-----+--------+

Top non-repeatable levels by time:
     D:1: 366 daAuts
